3AAA
HAMILTON COYOTES @ AUGUSTA TIMBER HAWKS
08/10/2028
 
TOP OF THE 1ST
Hamilton Coyotes batting - Pitching for Augusta Timber Hawks : RHP Sixto Soto
Pitching: RHP Sixto Soto
Batting: RHB Elia Amberezzio 0-0: Ball
1-0: Swinging Strike
1-1: Foul Ball, location: 2F
1-2: Strikes out swinging
Batting: RHB Juanito González 0-0: Foul Ball, location: 2F
0-1: Ball
1-1: Foul Ball, location: 2F
1-2: Foul Ball, location: 2F
1-2: SINGLE (Line Drive, 7S)
Batting: RHB Jeffery Campbell 0-0: Ball
1-0: DOUBLE (Groundball, 5L)
Juanito González to third
Batting: SHB Martín Marrero 0-0: Ground out U3 (Groundball, 34)
Juanito González scores
Jeffery Campbell to third
Batting: RHB Júlio Rodríguez 0-0: Called Strike
0-1: Ball
1-1: Fly out, F6 (Popup, 5D)
Top of the 1st over - 1 run(s), 2 hit(s), 0 error(s), 1 left on base; Hamilton 1 - Augusta 0
BOTTOM OF THE 1ST
Augusta Timber Hawks batting - Pitching for Hamilton Coyotes : RHP King Fletcher
Pitching: RHP King Fletcher
Batting: RHB Kenny Fleming 0-0: Fly out, F5 (Line Drive, 5)
Batting: RHB Anastasio Hernández 0-0: Ball
1-0: Ball
2-0: Ground out 3-1 (Groundball, 34S)
Batting: RHB Scott Robertson 0-0: Foul Ball, location: 2F
0-1: Ball
1-1: Ball
2-1: Fly out, F9 (Flyball, 89S)
Bottom of the 1st over - 0 run(s), 0 hit(s), 0 error(s), 0 left on base; Hamilton 1 - Augusta 0
TOP OF THE 2ND
Hamilton Coyotes batting - Pitching for Augusta Timber Hawks : RHP Sixto Soto
Batting: RHB Robbie Roach 0-0: Called Strike
0-1: Ball
1-1: Fly out, F8 (Flyball, 8RD)
Batting: RHB Bob Sargent 0-0: Ball
1-0: Ball
2-0: Ball
3-0: Called Strike
3-1: Base on Balls
Batting: LHB Ruben Yim 0-0: Ball
Wild Pitch!
Bob Sargent to second
1-0: TRIPLE (Flyball, 89D)
Bob Sargent scores
Batting: RHB Henry Mann 0-0: Called Strike
0-1: SINGLE (Line Drive, 56D)
Ruben Yim scores
Batting: RHB Elia Amberezzio 0-0: Fielders Choice at 2nd, 6-4 (Groundball, 6)
Batting: RHB Juanito González 0-0: Called Strike
0-1: Ball
1-1: Foul Ball, location: 2F
1-2: Fielders Choice at 2nd, 5-4 (Groundball, 5L)
Top of the 2nd over - 2 run(s), 2 hit(s), 0 error(s), 0 left on base; Hamilton 3 - Augusta 0
BOTTOM OF THE 2ND
Augusta Timber Hawks batting - Pitching for Hamilton Coyotes : RHP King Fletcher
Batting: SHB Adrián Zamudio 0-0: Ball
1-0: Called Strike
1-1: Fly out, F7 (Flyball, 78M)
Batting: RHB Jaime Cruz 0-0: Ball
1-0: Called Strike
1-1: Ball
2-1: Ball
3-1: Base on Balls
Batting: RHB Uchino Akahito 0-0: Fly out, F3 (Popup, 3L)
Batting: RHB D.C. Aiken 0-0: Called Strike
0-1: Foul Ball, location: 2F
0-2: Ball
1-2: Strikes out swinging
Bottom of the 2nd over - 0 run(s), 0 hit(s), 0 error(s), 1 left on base; Hamilton 3 - Augusta 0
TOP OF THE 3RD
Hamilton Coyotes batting - Pitching for Augusta Timber Hawks : RHP Sixto Soto
Batting: RHB Jeffery Campbell 0-0: Ball
1-0: Reached via error on a dropped throw, E3
Batting: SHB Martín Marrero 0-0: Fly out, F7 (Flyball, 78S)
Batting: RHB Júlio Rodríguez 0-0: Called Strike
0-1: Ball
1-1: Ball
2-1: Foul Ball, location: 2F
2-2: Ball
3-2: SINGLE (Flyball, 8LS)
Jeffery Campbell to second
Batting: RHB Robbie Roach 0-0: Ball
1-0: Ball
2-0: Fly out, F9 (Line Drive, 9)
Batting: RHB Bob Sargent 0-0: Foul Ball, location: 2F
0-1: Foul Ball, location: 2F
0-2: Ball
1-2: Fielders Choice at 2nd, 5-4 (Groundball, 5L)
Top of the 3rd over - 0 run(s), 1 hit(s), 1 error(s), 1 left on base; Hamilton 3 - Augusta 0
BOTTOM OF THE 3RD
Augusta Timber Hawks batting - Pitching for Hamilton Coyotes : RHP King Fletcher
Batting: LHB José Pérez 0-0: Called Strike
0-1: Ball
1-1: Fly out, F4 (Line Drive, 4)
Batting: LHB António Serrano 0-0: Ball
1-0: Called Strike
1-1: Foul Ball, location: 2F
1-2: Ball
2-2: Ball
3-2: Foul Ball, location: 2F
3-2: Base on Balls
Batting: RHB Kenny Fleming 0-0: Ball
1-0: Ball
2-0: Fielders Choice at 2nd, 5-4 (Groundball, 56)
Batting: RHB Anastasio Hernández 0-0: Ball
1-0: Ball
2-0: Called Strike
2-1: Foul Ball, location: 2F
2-2: Foul Ball, location: 2F
2-2: Foul Ball, location: 2F
2-2: Foul Ball, location: 2F
2-2: Fly out, F6 (Line Drive, 6)
Bottom of the 3rd over - 0 run(s), 0 hit(s), 0 error(s), 1 left on base; Hamilton 3 - Augusta 0
TOP OF THE 4TH
Hamilton Coyotes batting - Pitching for Augusta Timber Hawks : RHP Sixto Soto
Batting: LHB Ruben Yim 0-0: Called Strike
0-1: Swinging Strike
0-2: Ball
1-2: Strikes out swinging
Batting: RHB Henry Mann 0-0: Ball
1-0: Called Strike
1-1: Ball
2-1: Fly out, F7 (Line Drive, 78D)
Batting: RHB Elia Amberezzio 0-0: DOUBLE (Line Drive, 9LM)
Batting: RHB Juanito González 0-0: SINGLE (Groundball, 6MD)
Elia Amberezzio to third
Runner from 3rd tries for Home, SAFE, no throw
Batting: RHB Jeffery Campbell 0-0: Ball
1-0: Ball
2-0: Fly out, F8 (Line Drive, 8LD)
Top of the 4th over - 1 run(s), 2 hit(s), 0 error(s), 1 left on base; Hamilton 4 - Augusta 0
BOTTOM OF THE 4TH
Augusta Timber Hawks batting - Pitching for Hamilton Coyotes : RHP King Fletcher
Batting: RHB Scott Robertson 0-0: SINGLE (Line Drive, 56)
Batting: SHB Adrián Zamudio 0-0: Swinging Strike
0-1: Swinging Strike
0-2: Foul Ball, location: 2F
0-2: Fly out, F7 (Flyball, 78S)
Batting: RHB Jaime Cruz 0-0: Called Strike
0-1: Ball
1-1: Fly out, F6 (Popup, 6D)
Batting: RHB Uchino Akahito 0-0: Ball
1-0: Called Strike
1-1: Foul Ball, location: 2F
1-2: Strikes out swinging
Bottom of the 4th over - 0 run(s), 1 hit(s), 0 error(s), 1 left on base; Hamilton 4 - Augusta 0
TOP OF THE 5TH
Hamilton Coyotes batting - Pitching for Augusta Timber Hawks : RHP Sixto Soto
Batting: SHB Martín Marrero 0-0: Foul Ball, location: 2F
0-1: Foul Ball, location: 2F
0-2: Ball
1-2: Ball
2-2: Ground out U3 (Groundball, 34S)
Batting: RHB Júlio Rodríguez 0-0: Ball
1-0: Ball
2-0: Ball
3-0: Foul Ball, location: 2F
3-1: Fly out, F8 (Flyball, 8RS)
Batting: RHB Robbie Roach 0-0: Ball
1-0: Fly out, F8 (Flyball, 8RXD)
Top of the 5th over - 0 run(s), 0 hit(s), 0 error(s), 0 left on base; Hamilton 4 - Augusta 0
BOTTOM OF THE 5TH
Augusta Timber Hawks batting - Pitching for Hamilton Coyotes : RHP King Fletcher
Batting: RHB D.C. Aiken 0-0: Called Strike
0-1: Ball
1-1: Called Strike
1-2: Ball
2-2: Strikes out swinging
Batting: LHB José Pérez 0-0: Foul Ball, location: 2F
0-1: Ground out 6-3 (Groundball, 6D)
Batting: LHB António Serrano 0-0: Ground out 3-1 (Groundball, 34S)
Bottom of the 5th over - 0 run(s), 0 hit(s), 0 error(s), 0 left on base; Hamilton 4 - Augusta 0
TOP OF THE 6TH
Hamilton Coyotes batting - Pitching for Augusta Timber Hawks : RHP Sixto Soto
Batting: RHB Bob Sargent 0-0: Foul Ball, location: 2F
0-1: Ball
1-1: Ball
2-1: Foul Ball, location: 2F
2-2: Ball
3-2: SINGLE (Line Drive, 8RS)
Batting: LHB Ruben Yim 0-0: Bunted foul
0-1: Bunted foul
0-2: 2-RUN HOME RUN (Flyball, 9D), Distance : 384 ft
Pitching: RHP António Andrade
Batting: RHB Henry Mann 0-0: Called Strike
0-1: Called Strike
0-2: Fly out, F8 (Flyball, 8LD)
Batting: RHB Elia Amberezzio 0-0: Foul Ball, location: 2F
0-1: Ball
1-1: Ball
2-1: Called Strike
2-2: Strikes out swinging
Batting: RHB Juanito González 0-0: Called Strike
0-1: Fly out, F6 (Popup, 6)
Top of the 6th over - 2 run(s), 2 hit(s), 0 error(s), 0 left on base; Hamilton 6 - Augusta 0
BOTTOM OF THE 6TH
Augusta Timber Hawks batting - Pitching for Hamilton Coyotes : RHP King Fletcher
Batting: RHB Kenny Fleming 0-0: SOLO HOME RUN (Flyball, 78XD), Distance : 445 ft
Batting: RHB Anastasio Hernández 0-0: Ball
1-0: Swinging Strike
1-1: Swinging Strike
1-2: Strikes out swinging
Batting: RHB Scott Robertson 0-0: Swinging Strike
0-1: Ball
1-1: Ball
2-1: Called Strike
2-2: Ball
3-2: Foul Ball, location: 2F
3-2: Fly out, F9 (Flyball, 9)
Batting: SHB Adrián Zamudio 0-0: Called Strike
0-1: Called Strike
0-2: Ball
1-2: Ball
2-2: Fly out, F7 (Flyball, 78D)
Bottom of the 6th over - 1 run(s), 1 hit(s), 0 error(s), 0 left on base; Hamilton 6 - Augusta 1
TOP OF THE 7TH
Hamilton Coyotes batting - Pitching for Augusta Timber Hawks : RHP António Andrade
Batting: RHB Jeffery Campbell 0-0: Ball
1-0: Ball
2-0: Ball
3-0: Foul Ball, location: 2F
3-1: Ground out 4-3 (Groundball, 4M)
Batting: SHB Martín Marrero 0-0: Fly out, F8 (Flyball, 8LM)
Batting: RHB Júlio Rodríguez 0-0: Called Strike
0-1: Ball
1-1: Ball
2-1: Ground out 6-3 (Groundball, 6)
Top of the 7th over - 0 run(s), 0 hit(s), 0 error(s), 0 left on base; Hamilton 6 - Augusta 1
BOTTOM OF THE 7TH
Augusta Timber Hawks batting - Pitching for Hamilton Coyotes : RHP King Fletcher
Batting: RHB Jaime Cruz 0-0: Ball
1-0: Ball
2-0: Called Strike
2-1: Ball
3-1: Fly out, F9 (Flyball, 89S)
Batting: RHB Uchino Akahito 0-0: Foul Ball, location: 2F
0-1: Ball
1-1: Ball
2-1: Swinging Strike
2-2: Foul Ball, location: 2F
2-2: Foul Ball, location: 2F
2-2: Strikes out looking
Batting: RHB D.C. Aiken 0-0: Ball
1-0: Ball
2-0: Ball
3-0: Called Strike
3-1: Fly out, F3 (Popup, 3D)
Bottom of the 7th over - 0 run(s), 0 hit(s), 0 error(s), 0 left on base; Hamilton 6 - Augusta 1
TOP OF THE 8TH
Hamilton Coyotes batting - Pitching for Augusta Timber Hawks : RHP António Andrade
Batting: RHB Robbie Roach 0-0: Ball
1-0: Ball
2-0: Called Strike
2-1: Ball
3-1: Base on Balls
Batting: RHB Bob Sargent 0-0: Called Strike
0-1: Ball
1-1: Foul Ball, location: 2F
1-2: Ball
2-2: Strikes out swinging
Batting: LHB Ruben Yim 0-0: SINGLE (Groundball, 6MD)
Robbie Roach to second
Batting: RHB Henry Mann 0-0: Fly out, F7 (Flyball, 78M)
Batting: RHB Elia Amberezzio 0-0: Ball
1-0: Ball
2-0: Foul Ball, location: 2F
2-1: Foul Ball, location: 2F
2-2: Foul Ball, location: 2F
2-2: Fielders Choice at 2nd, 6-4 (Groundball, 6)
Top of the 8th over - 0 run(s), 1 hit(s), 0 error(s), 1 left on base; Hamilton 6 - Augusta 1
BOTTOM OF THE 8TH
Augusta Timber Hawks batting - Pitching for Hamilton Coyotes : RHP King Fletcher
Now at 1B: Manuel Sánchez
Now at 3B: Rodrigo Pagán
Batting: LHB José Pérez 0-0: Ball
1-0: Ball
2-0: Ball
3-0: Called Strike
3-1: Swinging Strike
3-2: Fly out, F4 (Popup, 3D)
Batting: LHB António Serrano 0-0: Ball
1-0: Ball
2-0: Ball
3-0: Base on Balls
Batting: RHB Kenny Fleming 0-0: Ball
1-0: Ball
2-0: Ground out 5-3 (Groundball, 56S)
António Serrano to second
Batting: RHB Anastasio Hernández 0-0: Called Strike
0-1: Foul Ball, location: 2F
0-2: Strikes out swinging
Bottom of the 8th over - 0 run(s), 0 hit(s), 0 error(s), 1 left on base; Hamilton 6 - Augusta 1
TOP OF THE 9TH
Hamilton Coyotes batting - Pitching for Augusta Timber Hawks : RHP António Andrade
Batting: RHB Juanito González 0-0: Ball
1-0: Ball
2-0: Fly out, F5 (Flyball, 5D)
Batting: RHB Jeffery Campbell 0-0: Called Strike
0-1: Ball
1-1: Ball
2-1: Ball
3-1: Foul Ball, location: 2F
3-2: Base on Balls
Batting: SHB Martín Marrero 0-0: Ball
1-0: Called Strike
1-1: Foul Ball, location: 2F
1-2: Strikes out looking
Batting: RHB Júlio Rodríguez 0-0: Ball
1-0: Fielders Choice at 2nd, 6-4 (Groundball, 6)
Top of the 9th over - 0 run(s), 0 hit(s), 0 error(s), 0 left on base; Hamilton 6 - Augusta 1
BOTTOM OF THE 9TH
Augusta Timber Hawks batting - Pitching for Hamilton Coyotes : RHP King Fletcher
Now in CF: Howard Fewell
Batting: RHB Scott Robertson 0-0: Ball
1-0: Foul Ball, location: 2F
1-1: Ball
2-1: Foul Ball, location: 2F
2-2: Foul Ball, location: 2F
2-2: Ball
3-2: Strikes out looking
Batting: SHB Adrián Zamudio 0-0: Ball
1-0: Called Strike
1-1: Foul Ball, location: 2F
1-2: Ground out 5-3 (Groundball, 56S)
Batting: RHB Jaime Cruz 0-0: Ball
1-0: Fly out, F4 (Flyball, 4D)
Bottom of the 9th over - 0 run(s), 0 hit(s), 0 error(s), 0 left on base; Hamilton 6 - Augusta 1
Wednesday, August 23rd, 2017 - OOTP Baseball 17.12 Build 75